 Dungeon Crawl Stone Soup version 0.26.0-91-g99b343417d (webtiles) character file.

Game seed: 4542157516156129426

6563 PentaManta the Schismatic (level 10, -1/98 HPs)
             Began as a Troll Abyssal Knight on Feb 3, 2021.
             Was an Elder of Lugonu.
             Slain by Snorg (23 damage)
             ... on level 10 of the Dungeon.
             The game lasted 00:18:07 (9523 turns).

PentaManta the Schismatic (Troll Abyssal Knight)    Turns: 9523, Time: 00:18:08

Health: -1/98      AC: 10    Str: 25    XL:     10   Next: 70%
Magic:  14/15      EV: 11    Int: 14    God:    Lugonu [****..]
Gold:   608        SH: 10    Dex:  9    Spells: 9/9 levels left

rFire    . . .     SeeInvis .     - Unarmed
rCold    . . .     Faith    .   j - +0 kite shield
rNeg     . . .     Spirit   .   H - +0 steam dragon scales
rPois    .         Reflect  .   (helmet restricted)
rElec    .         Harm     .   y - +0 cloak (curse)
rCorr    .         Rampage  .   (gloves unavailable)
Will     +....                  (boots unavailable)
Stlth    +.........             (no amulet)
HPRegen  0.66/turn              i - ring of willpower
MPRegen  0.14/turn              k - +6 ring of intelligence

@: no status effects
A: large, unfitting armour, claws 3, regeneration 1, shaggy fur 1, tough skin 3
a: Renounce Religion, Depart the Abyss, Bend Space, Banish, Corrupt


You were on level 10 of the Dungeon.
You worshipped Lugonu.
Lugonu was greatly pleased with you.
You visited 2 branches of the dungeon, and saw 12 of its levels.
You visited the Abyss 1 time.

You collected 608 gold pieces.

Inventory:

Hand Weapons
 w - a +2 short sword of speed
 D - a +2 dagger of distortion
 F - a +0 hunting sling
 J - a +1 rapier of venom
 L - a +0 hand axe of distortion
Missiles
 g - 321 stones
 r - 5 javelins
 s - 26 poisoned darts
 E - 54 sling bullets
 O - 16 boomerangs (quivered)
 S - 8 silver boomerangs
Armour
 j - a +0 kite shield (worn)
 y - a cursed +0 cloak (worn)
 H - +0 steam dragon scales (worn)
Jewellery
 i - a ring of willpower (left claw)
 k - a +6 ring of intelligence (right claw)
 p - an uncursed ring of protection from fire
 q - an uncursed ring of wizardry
 Q - an uncursed ring of fire
 R - an uncursed amulet of the acrobat {unknown}
Scrolls
 a - a scroll of torment {unknown}
 c - 9 scrolls of identify
 d - a scroll of amnesia {unknown}
 f - 4 scrolls of teleportation {unknown}
 h - 4 scrolls of enchant weapon {unknown}
 l - 4 scrolls of enchant armour {unknown}
 m - 2 scrolls of magic mapping {unknown}
 n - a scroll of noise {unknown}
 t - 2 scrolls of fear {unknown}
 x - 2 scrolls of fog {unknown}
 B - a scroll of random uselessness {unknown}
 C - 2 scrolls of blinking {unknown}
 I - 3 scrolls of immolation {unknown}
 M - 2 scrolls of vulnerability {unknown}
 N - a scroll of brand weapon {unknown}
 P - 2 scrolls of remove curse
Potions
 b - 2 potions of brilliance
 e - a potion of berserk rage
 o - 2 potions of resistance {unknown}
 u - a potion of might {unknown}
 v - 2 potions of curing {unknown}
 z - 2 potions of cancellation {unknown}
 A - a potion of heal wounds {unknown}
 G - a potion of haste {unknown}
 K - 2 potions of flight {unknown}


   Skills:
 + Level 6.1 Fighting
 + Level 6.0 Dodging
 * Level 6.7 Shields
 - Level 6.2 Unarmed Combat
 - Level 8.1 Invocations


You had 9 spell levels left.
You didn't know any spells.
Your spell library contained the following spells:

 Spells                   Type           Power        Failure   Level
 Animate Skeleton         Necr           0%           43%         1
 Corona                   Hex            0%           43%         1
 Magic Dart               Conj           0%           43%         1
 Pain                     Necr           0%           43%         1
 Blink                    Tloc           N/A          56%         2
 Call Imp                 Summ           0%           56%         2
 Ensorcelled Hibernation  Hex/Ice        0%           56%         2
 Slow                     Hex            0%           56%         2
 Confusing Touch          Hex            0%           80%         3
 Conjure Flame            Conj/Fire      0%           80%         3
 Dazzling Flash           Conj/Hex       0%           80%         3
 Mephitic Cloud           Conj/Pois/Air  0%           80%         3
 Tukima's Dance           Hex            0%           80%         3
 Vampiric Draining        Necr           0%           80%         3
 Animate Dead             Necr           0%           99%         4
 Cause Fear               Hex            0%           99%         4
 Agony                    Necr           0%           100%        5
 Silence                  Hex/Air        0%           100%        5
 Yara's Violent Unravell  Hex/Tmut       0%           100%        5
 Discord                  Hex            0%           100%        8


Dungeon Overview and Level Annotations

Branches:
Dungeon (11/15)            Temple (1/1) D:4            Lair (0/6) D:8
    Orc (0/2) D:10

Altars:
Ashenzari
Cheibriados
Dithmenos
Elyvilon
Fedhas
Gozag
Hepliaklqana
Kikubaaqudgha
Makhleb
Nemelex Xobeh
Okawaru
Qazlal
Ru
Sif Muna
Trog
Uskayaw
Vehumet
Wu Jian
Xom
Yredelemnul
Zin
The Shining One

Shops:
D:9 }

Annotations:
D:10 Snorg


Innate Abilities, Weirdness & Mutations

You are too large for most types of armour.
You have claws for hands.
Your natural rate of healing is unusually fast.
You are covered in fur. (AC +1)
You have extremely tough skin. (AC +3)


Message History

Snorg is lightly wounded.
You closely miss Snorg.
Snorg is lightly wounded.
Snorg bites you!
* * * LOW HITPOINT WARNING * * *
You block Snorg's attack. Snorg claws you but does no damage.
You claw Snorg!
Snorg is moderately wounded.
You mangle Snorg!!
Snorg is heavily wounded.
The sentinel's mark upon you fades away.
Snorg barely misses you. Snorg claws you!
* * * LOW HITPOINT WARNING * * *
Snorg misses you.
Snorg looks more energetic.
There is a stone staircase leading up here.
Snorg goes berserk!
There is a stone staircase leading down here.
Space bends around you!
You blink.
Snorg bites you!!
You die...

######[.####..([..........###..#
##.### #...)..)...........##
###.## ##..............#### #
##..## #..............# ###
#..## ##.............# #.. ..##
#.......<.....# ##. ###
##............# ## #
#...........## #.@T§......##
##...#......### #...######...##
#...# ###..### ##..# ###..##
#..# ###.. #..# ##. ## #..# ##
.#### ##.#


You could see Snorg (berserk).

Vanquished Creatures
  Maggie (D:6)
  A wraith (D:8)
  10 yaks (D:10)
  Grum (D:11)
  Menkaure (D:8)
  Edmund (D:4)
  Duvessa (D:5)
  A sky beast (D:6)
  3 ice beasts
  A necrophage (D:9)
  An orc warrior (D:10)
  2 phantoms (D:5)
  6 ogres
  4 wolves (D:10)
  2 centaurs
  Blork the orc (D:4)
  6 bullfrogs
  Dowan (D:5)
  4 scorpions
  7 wights
  5 killer bees (D:8)
  A howler monkey (D:8)
  3 hounds
  2 orc priests
  A jelly (D:6)
  An iguana (D:10)
  An orc wizard (D:10)
  3 bullfrog skeletons
  2 centaur skeletons
  9 worker ants
  2 hound skeletons
  3 worker ant zombies
  A howler monkey skeleton (D:9)
  5 adders
  2 white imps
  2 ufetubi (D:5)
  An ooze (D:2)
  An adder zombie (D:9)
  4 worms
  3 dart slugs
  4 leopard geckos
  29 orcs
  2 bats
  9 giant cockroaches
  7 goblins
  6 hobgoblins
  22 jackals
  8 quokkas
  3 frilled lizards
  4 kobolds
  A quokka skeleton (D:6)
  3 rats
205 creatures vanquished.

Vanquished Creatures (others)
  6 plants (D:8)
6 creatures vanquished.

Grand Total: 211 creatures vanquished

Notes
Turn   | Place    | Note
-------+----------+-------------------------------------------
     0 | Abyss:1  | PentaManta the Troll Abyssal Knight began the quest for the
                  | Orb.
     0 | Abyss:1  | Reached XP level 1. HP: 22/22 MP: 1/1
    42 | Abyss:1  | Noticed a small abomination
    50 | D:1      | Escaped the Abyss
   271 | D:1      | Reached XP level 2. HP: 29/29 MP: 2/2
   396 | D:1      | Reached * piety under Lugonu
   744 | D:2      | Found a broken altar of Ashenzari.
  1072 | D:2      | Reached XP level 3. HP: 36/36 MP: 3/3
  1781 | D:3      | Found a hazy altar of Hepliaklqana.
  1933 | D:3      | Reached ** piety under Lugonu
  1935 | D:3      | Reached XP level 4. HP: 44/44 MP: 4/4
  2003 | D:3      | Reached skill level 1 in Shields
  2079 | D:3      | Reached XP level 5. HP: 47/50 MP: 5/5
  2095 | D:3      | Found an iron altar of Okawaru.
  2619 | D:4      | Noticed Edmund
  2652 | D:4      | Killed Edmund
  2653 | D:4      | Reached skill level 5 in Unarmed Combat
  2653 | D:4      | Reached skill level 2 in Invocations
  2653 | D:4      | Reached XP level 6. HP: 22/59 MP: 6/6
  3017 | D:4      | Reached skill level 3 in Invocations
  3229 | D:4      | Noticed Blork the orc
  3240 | D:4      | Killed Blork the orc
  3240 | D:4      | Reached *** piety under Lugonu
  3241 | D:4      | Reached XP level 7. HP: 27/66 MP: 8/8
  3466 | D:4      | Found a staircase to the Ecumenical Temple.
  3587 | Temple   | Entered the Ecumenical Temple
  3723 | D:5      | Entered Level 5 of the Dungeon
  3742 | D:5      | Reached skill level 4 in Invocations
  4365 | D:5      | Noticed Dowan
  4365 | D:5      | Noticed Duvessa
  4370 | D:5      | Reached skill level 5 in Invocations
  4370 | D:5      | Reached XP level 8. HP: 48/75 MP: 10/10
  4452 | D:5      | Killed Duvessa
  4454 | D:5      | Killed Dowan
  4919 | D:6      | Noticed Maggie
  4938 | D:6      | Killed Maggie
  4939 | D:6      | Reached skill level 6 in Invocations
  5364 | D:6      | Reached XP level 9. HP: 84/84 MP: 12/12
  5449 | D:7      | Noticed Menkaure
  5658 | D:8      | Reached skill level 7 in Invocations
  5684 | D:8      | Killed Menkaure
  5833 | D:7      | Found a white marble altar of Elyvilon.
  5946 | D:7      | Found a sacrificial altar of Ru.
  6207 | D:8      | Found a staircase to the Lair.
  6208 | D:8      | Noticed a komodo dragon
  6234 | D:8      | Banished a komodo dragon
  6235 | D:8      | Reached skill level 5 in Fighting
  6421 | D:8      | Reached skill level 8 in Invocations
  6941 | D:9      | Reached XP level 10. HP: 92/93 MP: 15/15
  7050 | D:9      | Reached skill level 5 in Dodging
  7084 | D:9      | Found Fyzif's Gadget Emporium.
  7287 | D:9      | Reached **** piety under Lugonu
  7369 | D:9      | Reached skill level 5 in Shields
  8080 | D:10     | Entered Level 10 of the Dungeon
  8963 | D:10     | Found a staircase to the Orcish Mines.
  9188 | D:11     | Noticed Grum
  9365 | D:11     | Killed Grum
  9471 | D:11     | Noticed Snorg
  9523 | D:10     | Slain by Snorg

Illustrated notes

Levels and vault maps discovered:
D:1:      minmay_arrival_cross, layout_loops_ring,
          chequers_serial_rivers_micro_a
D:2:      layout_loops_corners, supply_closet_lemuel, evilmike_ruin_ashenzari
D:3:      layout_basic, nzn_hepliaklqana_mist_gate, kennysheep_okawaru_gauntlet
D:4:      layout_basic, minmay_temple_entry_fiery, uniq_blork_the_orc,
          uniq_edmund
D:5:      layout_cave_pools, st_stairs_6, uniq_duvessa
D:6:      layout_loops_ring, uniq_maggie
D:7:      layout_gridville, basic_altar, nicolae_ru_great_annihilating_truth,
          uniq_menkaure
D:8:      layout_basic, david_lair_shrubbed
D:9:      minmay_bloctagon_deflated, layout_layer_cave, serial_shops, shop
D:10:     layout_cave_pods, hiddenorc1_lemuel
D:11:     layout_cross, grunt_decor_junction, corexii_hall_statues_i, uniq_grum,
          uniq_erica, uniq_snorg
Temple:   dpeg_three_leaves_temple

Skill      XL: |  1  2  3  4  5  6  7  8  9 10 |
---------------+-------------------------------+-----
Unarmed Combat | 3 4 5 6 |  6.2
Shields        | 1 2 3 4 6 |  6.7
Invocations    | 2 3 5 6 8 |  8.1
Dodging        | 2 3 4 6 |  6.0
Fighting       | 3 4 5 6 |  6.1

Action                   |  1- 3 |  4- 6 |  7- 9 | 10-12 || total
-------------------------+-------+-------+-------+-------++-------
Melee: Unarmed           |   117 |   127 |   279 |   243 ||   766
       Punch             |     2 |       |       |       ||     2
Throw: Stone             |       |    19 |       |       ||    19
       Dart              |       |       |     3 |       ||     3
       Javelin           |       |       |     3 |       ||     3
Invok: Depart the Abyss  |     1 |       |       |       ||     1
       Banish            |       |       |     4 |       ||     4
       Bend Space        |       |       |       |     5 ||     5
  Use: Scroll            |       |     3 |       |       ||     3
 Stab: Sleeping          |       |       |     1 |       ||     1
       Paralysed         |       |       |     1 |       ||     1
Armor: Robe              |    63 |    26 |    41 |       ||   130
       Steam dragon scal |       |       |    62 |    68 ||   130
Dodge: Dodged            |    59 |    22 |    87 |   100 ||   268
Block: Kite shield       |    23 |    33 |   125 |   118 ||   299
